 Dungeon Crawl Stone Soup version 0.25-a0-613-gf4b266557c (webtiles) character file.

Game seed: 8259489781021156792, levelgen mode: deterministic

26 Mobile the Slasher (level 3, -3/25 HPs)
             Began as an Octopode Wanderer on Mar 17, 2020.
             Slain by a kobold
             ... wielding a +0 whip
              (6 damage)
             ... on level 2 of the Dungeon.
             The game lasted 00:01:54 (1244 turns).

Mobile the Slasher (Octopode Wanderer)              Turns: 1244, Time: 00:01:55

Health: -3/25      AC:  1    Str: 11    XL:     3   Next: 8%
Magic:  6/6        EV:  9    Int: 16    God:
Gold:   24         SH:  7    Dex: 10    Spells: 6/6 levels left

rFire    . . .     SeeInvis .   k - +0 hand axe
rCold    . . .     Gourm    .   d - +0 kite shield
rNeg     . . .     Faith    .   (helmet restricted)
rPois    .         Spirit   .   (no amulet)
rElec    .         Reflect  .   (no ring)
rCorr    .         Harm     .   (no ring)
MR       .....                  (no ring)
Stlth    +++.......             (no ring)
HPRegen  0.08/turn              (no ring)
MPRegen  0.10/turn              (no ring)
                                (no ring)
                                (no ring)

@: no status effects
A: almost no armour, stealthy swim, amphibious, 8 rings, constrict 8, camouflage
1, gelatinous body 1
a: no special abilities


You were on level 2 of the Dungeon.
You were not hungry.

You visited 1 branch of the dungeon, and saw 2 of its levels.

You collected 24 gold pieces.

Inventory:

Hand Weapons
 a - a +0 club
 k - a +0 hand axe (weapon)
Missiles
 o - 6 poisoned darts (quivered)
Armour
 d - a +0 kite shield (worn)
Scrolls
 c - a scroll of teleportation
 e - a scroll of immolation {unknown}
 g - a scroll of fear {unknown}
 m - a scroll of identify {unknown}
 n - 2 scrolls of amnesia {unknown}
Potions
 b - a potion of curing
 h - a potion of heal wounds {unknown}
 i - a potion of magic {unknown}
 j - a potion of resistance {unknown}
 l - a potion of lignification {unknown}
Comestibles
 f - 6 rations


   Skills:
 * Level 2.4 Fighting
   Level 3.0 Long Blades
 - Level 1.3 Stealth
 + Level 1.8 Shields
 - Level 2.0 Spellcasting
   Level 1.0 Fire Magic
   Level 1.1 Evocations


You had 6 spell levels left.
You didn't know any spells.
Your spell library was empty.

Dungeon Overview and Level Annotations

Branches:
Dungeon (2/15)

Altars:


Innate Abilities, Weirdness & Mutations

You cannot wear most types of armour.
You are very stealthy in the water. (Stealth+)
You are amphibious.
You can wear up to eight rings at the same time.
You can use your tentacles to constrict eight enemies at once.
Your skin changes colour to match your surroundings (Stealth+).
Your rubbery body absorbs attacks. (AC +1, EV +1)


Message History

Found a stone staircase leading up.
There is a stone staircase leading up here.
The helpless kobold fails to defend itself.
You hit the kobold but do no damage. Your grab misses the kobold.
The kobold hits you with a +0 whip!
You closely miss the kobold. Your grab misses the kobold.
The kobold hits you but does no damage.
You hit the worm but do no damage. You grab the worm.
You closely miss the kobold. You constrict the worm.
The kobold hits you with a +0 whip. The worm bites you!
* * * LOW HITPOINT WARNING * * *
You block the kobold's attack.
You are too injured to fight recklessly!
You release your grip on the worm.
Found 10 gold pieces.
The kobold hits you with a +0 whip.
* * * LOW HITPOINT WARNING * * *
There is a stone staircase leading up here.
The kobold hits you with a +0 whip.
You die...

$ .# ..# ###..#
##.....# .
##@..##.# ...
##rK.....#
#...#..w..$.#..
#......<..(...[
#.#.#.......#..
#.......#....
#.......#.###
###.#......
..........


You could see a worm, a kobold and a rat.

Vanquished Creatures
  An ooze (D:1)
  3 giant cockroaches (D:1)
  A goblin (D:1)
  5 hobgoblins (D:1)
  3 bats (D:1)
  4 frilled lizards (D:1)
  A kobold (D:1)
  5 rats (D:1)
23 creatures vanquished.

Notes
Turn   | Place    | Note
-------+----------+-------------------------------------------
     0 | D:1      | Mobile the Octopode Wanderer began the quest for the Orb.
     0 | D:1      | Mobile set off with the following items: a +0 club, a
                  | potion of curing, a scroll of teleportation, a +0 kite
                  | shield, a ration
     0 | D:1      | Reached XP level 1. HP: 13/13 MP: 3/3
   318 | D:1      | Reached XP level 2. HP: 17/18 MP: 5/5
   784 | D:1      | Reached XP level 3. HP: 25/25 MP: 6/6
  1244 | D:2      | Slain by a kobold

Levels and vault maps discovered:
D:1:      dpeg_arrival_windows_large_door, layout_basic
D:2:      layout_loops_ring, chequers_ecumenical_altar_grove

Skill      XL: |  1  2 |
---------------+-------+-----
Fighting       | 2 |  2.4
Long Blades    | |  3.0
Stealth        | |  1.3
Shields        | |  1.8
Spellcasting   | |  2.0
Fire Magic     | |  1.0
Evocations     | |  1.1

Action                   || total
-------------------------++-------
Melee: Club              ||    27
       Constrict         ||    14
       Tentacles         ||     9
       Hand axe          ||    24
 Stab: Sleeping          ||    10
  Eat: Chunk             ||     1
Armor: Skin              ||    12
Dodge: Dodged            ||    16
Block: Kite shield       ||    20

Table legend:
 A = Non-vault XP
 B = Vault XP
 C = Vault XP percentage of total XP
 D = Non-vault monster count
 E = Vault monster count
 F = Vault count percentage of total count
                 A         B        C        D         E       F
            +---------+---------+-------+---------+---------+-------
      Total |      38 |       0 |   0.0 |      23 |       0 |   0.0
            +---------+---------+-------+---------+---------+-------
        D:1 |      38 |       0 |   0.0 |      23 |       0 |   0.0
            +---------+---------+-------+---------+---------+-------
